Unix NetHack Version 5.0.0-0 post-release - last build May 23 2026 06:08:33 (1c0ff79ee797540d5714e4e18072db0edd9e58ae,branch:main).

Game began 2026-05-29 05:13:46, ended 2026-05-29 06:57:14.

Brudee, neutral female human Tourist

       ----------
       |........|   #
       |........d##@s
       |.....<*.| d
       |........+
       |........|
       |........|
       ----------

Brudee the Sightseer        St:8 Dx:13 Co:17 In:13 Wi:8 Ch:16  Neutral S:1466
Dlvl:7  $:859 HP:0(38) Pw:10(10) AC:-1 Xp:4/139 T:1759  Fainted  Burdened Deaf

Latest messages:
 You swap places with Hachi.
 You hear a door open.
 You stop.  Hachi is in the way!
 You swap places with Hachi.
 You swap places with your little dog.
 You hear someone cursing shoplifters.
 You climb up the stairs.
 You are beginning to feel weak.
 The kitten picks up a rock.
 You fall down the stairs.
 You swap places with your little dog.
 Hachi drops a blue gem.
 You hear the chime of a cash register.
 The giant spider misses!
 In what direction? l
 The dart hits the giant spider.
 The giant spider bites!
 In what direction? l
 The dart hits the giant spider.
 The giant spider bites!
 The giant spider misses!
 In what direction? l
 The dart hits the giant spider.
 The giant spider misses!
 In what direction? l
 The dart misses the giant spider.
 The giant spider bites!
 You hear a door open.
 In what direction? l
 The dart hits the giant spider.
 The giant spider bites!
 The giant spider misses!
 The giant spider misses!
 In what direction? l
 The dart misses the giant spider.
 The giant spider bites!
 In what direction? l
 The dart hits the giant spider.
 The giant spider just misses!
 You faint from lack of food.
 The giant spider bites!
 The giant spider misses!
 The giant spider bites!
 The giant spider bites!
 The giant spider bites!
 The giant spider bites!
 The giant spider bites!
 You die...
 Do you want your possessions identified? [ynq] (y) y
 Do you want to see your attributes? [ynq] (y) q

Inventory:
 Coins    ('$')
  $ - 859 gold pieces
 Weapons  (')')
  a - 11 +2 darts (at the ready)
 Armor    ('[')
  z - an uncursed +0 helm of brilliance (being worn)
  U - an uncursed +0 pair of iron shoes (being worn)
  A - an uncursed +0 shield of drain resistance (being worn)
  F - an uncursed +0 alchemy smock with text "Don't mess with the chef"
  V - an uncursed +0 cloak of invisibility
  r - an uncursed +0 elven cloak (being worn)
  k - an uncursed +0 Hawaiian shirt with a parrot motif
  B - a blessed +0 dwarvish mithril-coat (being worn)
 Comestibles  ('%')
  d - 3 uncursed slime molds
  c - an uncursed cream pie
  e - an uncursed food ration
  b - an uncursed orange
 Scrolls  ('?')
  Y - a cursed scroll of create monster
  y - a blessed scroll of destroy armor
  T - an uncursed scroll of enchant armor
  X - 3 cursed scrolls of enchant armor
  I - an uncursed scroll of genocide
  o - a blessed scroll of gold detection
  W - 3 cursed scrolls of identify
  L - 2 uncursed scrolls of light
  i - 2 blessed scrolls of magic mapping
  Z - a cursed scroll of magic mapping
  t - a blessed scroll of teleportation
 Spellbooks  ('+')
  v - an uncursed spellbook of fireball
 Potions  ('!')
  h - an uncursed potion of extra healing
  q - 5 uncursed potions of healing
  R - a cursed potion of see invisible
 Rings    ('=')
  D - an uncursed ring of fire resistance
  g - an uncursed ring of invisibility
  x - an uncursed ring of searching
  f - an uncursed ring of teleport control
 Wands    ('/')
  K - a wand of create monster (0:12)
  n - a cursed wand of digging (0:4)
  H - a wand of probing (0:8)
  j - a cursed wand of stasis (0:5)
  p - a cursed wand of striking (0:3)
 Tools    ('(')
  m - an uncursed credit card
  l - an expensive camera (0:44)
 Gems/Stones  ('*')
  s - 2 cursed opals
  u - 2 uncursed worthless pieces of white glass

Brudee the Tourist's attributes:

Background:
 You were a Sightseer, a level 4 female human Tourist.
 You were neutral, nominally on a mission for The Lady
 who was opposed by Blind Io (lawful) and Offler (chaotic).
 You were right-handed.
 You were in the Gnomish Mines, on level 7.
 You entered the dungeon 1759 turns ago.
 You had 139 experience points, 21 more were needed to attain level 5.
 Your score was 1466 before end-of-game adjustments.

Basics:
 You had 0 out of 38 hit points.
 You had all 10 energy points (spell power).
 Your armor class was -1.
 Your wallet contained 859 zorkmids.
 Autopickup was on for '$!=+?/"' plus thrown.

Final Characteristics:
 Your strength was 8 (base:9, limit:18/100).
 Your dexterity was 13 (limit:18).
 Your constitution was 17 (limit:18).
 Your intelligence was 13 (limit:18).
 Your wisdom was 8 (limit:18).
 Your charisma was 16 (limit:18).

Final Status:
 You were deaf.
 You were fainted due to starvation.
 You were burdened; movement was slightly slowed.
 You were bare handed.
 You were unskilled in bare handed combat.

Final Attributes:
 You were devoutly aligned.
 You were level-drain resistant.
 You were stealthy.
 You were guarded.
 Your spell casting was impaired by metallic armor.
 You are dead.

Miscellaneous:
 You encountered 1 bones level.
 Total elapsed playing time was 57 minutes and 14 seconds.

Major events:
 Turn
    1: Brudee the neutral female human Tourist entered the dungeon
  903: stole 2780 zorkmids worth of merchandise from Angmagssalik's general store
 1063: attained the rank of Sightseer (level 3)
 1083: entered the Gnomish Mines
 1759: killed by a giant spider, while fainted from lack of food

Spells:
 Name                 Level Category     Fail Retention
 jumping                1   escape       100%  76%-100%
 create monster         2   clerical     100%  76%-100%

Skills:
 Fighting Skills
   bare handed combat [Unskilled]
   two weapon combat  [Unskilled]
   riding             [Unskilled]
 Weapon Skills
   dagger             [Unskilled]
   knife              [Unskilled]
   axe                [Unskilled]
   pick-axe           [Unskilled]
   short sword        [Unskilled]
   broadsword         [Unskilled]
   long sword         [Unskilled]
   two-handed sword   [Unskilled]
   saber              [Unskilled]
   mace               [Unskilled]
   morning star       [Unskilled]
   flail              [Unskilled]
   hammer             [Unskilled]
   quarterstaff       [Unskilled]
   polearms           [Unskilled]
   spear              [Unskilled]
   trident            [Unskilled]
   lance              [Unskilled]
   bow                [Unskilled]
   sling              [Unskilled]
   crossbow           [Unskilled]
   dart               [Basic]
   shuriken           [Unskilled]
   boomerang          [Unskilled]
   whip               [Unskilled]
   unicorn horn       [Unskilled]
 Spellcasting Skills
   divination spells  [Unskilled]
   enchantment spells [Unskilled]
   escape spells      [Unskilled]

Voluntary challenges:
 Character rerolling was not enabled.
 You were an atheist.
 You never hit with a wielded weapon.
 You never genocided any monsters.
 You never polymorphed an object.
 You used no wishes.
Achievements:
 You entered a shop.
 You attained the rank of Sightseer.
 You entered the Gnomish Mines.

 The Dungeons of Doom: levels 1 to 4
    Level 1:
       A fountain.
    Level 2:
       An armor shop, a grave.
    Level 3:
       A general store, a fountain.
    Level 4:
       A scroll shop, a fountain, a grave.
       Stairs down to The Gnomish Mines.
 The Gnomish Mines: levels 5 to 7
    Level 5:
       A grave.
       Final resting place for
          greengrass-Sam-Hum-Mal-Law, killed by a little dog, while frozen by a floating eye's gaze.
    Level 6:
    Level 7: <- You were here.
       Final resting place for
          you, killed by a giant spider, while fainted from lack of food.


Vanquished creatures:
  a gnome leader
  a Kop Lieutenant
  a floating eye
  5 dwarves
  2 hill orcs
  a Kop Sergeant
  2 iguanas
  a coyote
  2 hobbits
  7 gnomes
  3 Keystone Kops
  a gecko
  a jackal
  a fox
  a goblin
  2 sewer rats
  2 grid bugs
  a lichen
  3 newts
38 creatures vanquished.

No species were genocided or became extinct.

Game over:
                       ----------
                      /          \
                     /    REST    \
                    /      IN      \
                   /     PEACE      \
                  /                  \
                  |      Brudee      |
                  |      859 Au      |
                  |   killed by a    |
                  |   giant spider   |
                  |                  |
                  |                  |
                  |       2026       |
                 *|     *  *  *      | *
        _________)/\\_//(\/(/\)/\//\/|_)_______

Aloha Brudee the Tourist...

You died in The Gnomish Mines on dungeon level 7 with 1411 points,
and 859 pieces of gold, after 1759 moves.
You were level 4 with a maximum of 38 hit points when you died.

